 Dungeon Sprint DCSS version 0.31-a0-18-gea43df2a32 (webtiles) character file.

Game seed: 9275413070634383905

470 sircluck the Grappler (level 6, 0/68 HPs)
             Began as a Troll Berserker on May 9, 2023.
             Was a Priest of Trog.
             Shot with an arrow by a centaur (9 damage)
             ... in the Dungeon (Sprint IX: "|||||||||||||||||||||||||||||").
             The game lasted 00:01:24 (252 turns).

sircluck the Grappler (Troll Berserker)              Turns: 252, Time: 00:01:24

Health: 0/68       AC:  5    Str: 28    XL:     6   Next: 82%
Magic:  5/5        EV: 15    Int:  3    God:    Trog [***...]
Gold:   0          SH:  0    Dex:  9    Spells: 5/5 levels left

rFire   . .          .
                       - Unarmed
rCold   . . .        (no shield)
rNeg    . . .        a - +0 animal skin
rPois   .            (helmet restricted)
rElec   .            j - +0 cloak
rCorr   .            (gloves unavailable)
SInv    .            (boots unavailable)
Will    .....        (no amulet)
Stlth   +            k - +2 ring of evasion
HPRegen 1.11/turn    l - +2 ring of evasion
MPRegen 0.09/turn

%: no teleportation
@: on berserk cooldown, slowed, very slow
A: large, unfitting armour, claws 3, regeneration 1, shaggy fur 1, tough skin 1
a: Renounce Religion, Berserk, Trog's Hand


You were in the Dungeon.
You worshipped Trog.
Trog was most pleased with you.
You visited 1 branch

Inventory:

Armour
 a - a +0 animal skin (worn)
 j - a +0 cloak (worn)
Jewellery
 k - a +2 ring of evasion (left claw)
 l - a +2 ring of evasion (right claw)
Wands
 i - a wand of light (9)
Potions
 b - 5 potions of curing
 c - a potion of heal wounds
 d - a potion of haste
 e - 4 potions of magic
 f - a potion of berserk rage
 h - a potion of invisibility


   Skills:
 + Level 6.9 Fighting
 + Level 7.6 Dodging
 + Level 0.3 Stealth
 + Level 9.6 Unarmed Combat


You had 5 spell levels left.
You didn't know any spells.
Your spell library was empty.

Dungeon Overview and Level Annotations

Branches:
Dungeon (1/1)

Altars:
Cheibriados
Dithmenos
Elyvilon
Fedhas
Gozag
Hepliaklqana
Kikubaaqudgha
Makhleb
Nemelex Xobeh
Okawaru
Qazlal
Ru
Sif Muna
Trog
Uskayaw
Vehumet
Wu Jian
Xom
Yredelemnul
Zin
The Shining One
Jiyva
Lugonu


Innate Abilities, Weirdness & Mutations

You are too large for most types of armour.
You have claws for hands.
Your natural rate of healing is unusually fast.
You are covered in fur. (AC +1)
You have tough skin. (AC +1)


Message History

The arrow hits the wraith!
The centaur shoots an arrow.
The arrow hits the wraith!
Something hits you!
* * * LOW HITPOINT WARNING * * *
Something bites you.
* * * LOW HITPOINT WARNING * * *
Something draws strength from your injuries!
You feel much better.
The centaur shoots an arrow.
The arrow closely misses the wraith.
The arrow hits you.
The centaur shoots an arrow.
The arrow barely misses the wraith.
Something hits you!
* * * LOW HITPOINT WARNING * * *
Something bites you.
* * * LOW HITPOINT WARNING * * *
Something draws strength from your injuries!
The centaur shoots an arrow.
The arrow barely misses the wraith.
The centaur shoots an arrow.
The arrow barely misses the wraith.
The arrow hits you!
* * * LOW HITPOINT WARNING * * *
There is a glowing silver altar of Zin here.
Okay, then.
Blink to where?
Press: ? - help, Q - select action, (/) - cycle Dir - move target, p - wraith
As you read the scroll of blinking, it crumbles to dust.
Your black bear goes berserk!
You can no longer call in reinforcements.
You swap places.
There is a sacrificial altar of Ru here.
Okay, then.
A vampire appears from thin air!
Reactivating autopickup.
The centaur shoots an arrow.
The arrow hits the wraith!
The vampire hits your black bear!
The vampire barely misses your black bear.
Your black bear bites the vampire but does no damage.
Your black bear barely misses the vampire.
Your black bear claws the vampire.
The centaur shoots an arrow.
The arrow closely misses the wraith.
The arrow barely misses the vampire.
The arrow barely misses your black bear.
The arrow hits you!
You die... ▓▓▓▓▓▓▓▓▓▓▓▓▓▓▓▓▓▓▓▓▓▓▓▓▓▓▓▓▓▓▓▓▓ .[W)c.W__c_WVh__@______________'. ▓▓▓▓▓▓▓▓▓▓▓▓▓▓▓▓▓▓▓▓▓▓▓▓▓▓▓▓▓▓▓▓▓

You could see a vampire (blind), a wraith (blind, ally target), a centaur (blind) and a friendly black bear (summoned, berserk).

Vanquished Creatures
  A troll (D)
  A water moccasin (D)
  An orc warrior (D)
  An iguana (D)
  An adder (D)
  A white imp (D)
  An ufetubus (D)
  A ball python (D)
  3 bats (D)
  A giant cockroach (D)
12 creatures vanquished.

Notes
Turn   | Place    | Note
-------+----------+-------------------------------------------
     0 | D        | sircluck the Troll Berserker began the quest for the Orb.
     0 | D        | Reached XP level 1. HP: 22/22 MP: 0/0
    16 | D        | Reached ** piety under Trog
    26 | D        | Noticed a water moccasin
    26 | D        | Noticed an iguana
    32 | D        | Reached skill level 4 in Unarmed Combat
    32 | D        | Reached XP level 2. HP: 31/31 MP: 1/1
    37 | D        | Reached *** piety under Trog
    38 | D        | Reached XP level 3. HP: 39/39 MP: 2/2
    39 | D        | Reached skill level 5 in Unarmed Combat
    43 | D        | Killed a water moccasin
    44 | D        | Reached skill level 5 in Fighting
    44 | D        | Reached skill level 5 in Dodging
    44 | D        | Reached skill level 7 in Unarmed Combat
    44 | D        | Reached XP level 4. HP: 50/50 MP: 3/3
    44 | D        | Reached XP level 5. HP: 57/57 MP: 4/4
    50 | D        | Found a snail-covered altar of Cheibriados.
    50 | D        | Found a shadowy altar of Dithmenos.
    50 | D        | Found a white marble altar of Elyvilon.
    50 | D        | Found a blossoming altar of Fedhas.
    50 | D        | Found an opulent altar of Gozag.
    51 | D        | Found a hazy altar of Hepliaklqana.
    52 | D        | Found a viscous altar of Jiyva.
    53 | D        | Found an ancient bone altar of Kikubaaqudgha.
    54 | D        | Found a corrupted altar of Lugonu.
    55 | D        | Found a burning altar of Makhleb.
    56 | D        | Found a sparkling altar of Nemelex Xobeh.
    57 | D        | Found an iron altar of Okawaru.
    58 | D        | Found a stormy altar of Qazlal.
    59 | D        | Found a sacrificial altar of Ru.
    60 | D        | Found a shimmering blue altar of Sif Muna.
    61 | D        | Found a bloodstained altar of Trog.
    62 | D        | Found a hide-covered altar of Uskayaw.
    63 | D        | Found a radiant altar of Vehumet.
    64 | D        | Found an ornate altar of the Wu Jian Council.
    65 | D        | Found a shimmering altar of Xom.
    66 | D        | Found a basalt altar of Yredelemnul.
    67 | D        | Found a glowing silver altar of Zin.
    68 | D        | Found a glowing golden altar of the Shining One.
   214 | D        | Noticed a wraith
   214 | D        | Noticed a centaur
   214 | D        | Noticed a wraith
   214 | D        | Noticed a vampire
   214 | D        | Noticed an orc warrior
   214 | D        | Noticed a troll
   223 | D        | Killed a troll
   223 | D        | Reached **** piety under Trog
   224 | D        | Reached skill level 9 in Unarmed Combat
   224 | D        | Reached XP level 6. HP: 41/68 MP: 5/5
   228 | D        | Killed an orc warrior
   235 | D        | HP: 2/102 [something (6)]
   248 | D        | HP: 2/68 [centaur/arrow (11)]
   252 | D        | Shot with an arrow by a centaur

Illustrated notes

Levels and vault maps discovered:
D:        linesprint [early_d, line_temple, items_1, d_10, items_2, lair_1,
          lair_end, items_3, orc_1, orc_end, items_4, d_15, swamp_1, shoals_1,
          snake_1, spider_1, d_20, vaults_1, items_5, swamp_end, shoals_end,
          snake_end, spider_end, vaults_end, d_27, items_6, zot_1, zot_end,
          crypt_end, forest_end, elf_end, slime_end, tomb_end, abyss_end,
          pan_hell_end]

Skill      XL: |  1  2  3  4  5 |
---------------+----------------+-----
Fighting       | 3 5 6 |  6.9
Dodging        | 3 4 5 7 |  7.6
Unarmed Combat | 4 7 9 |  9.6
Stealth        | |  0.3

Action                     |  1- 3 |  4- 6 || total
---------------------------+-------+-------++-------
  Melee: Unarmed           |    31 |    21 ||    52
 Invoke: Berserk           |     1 |     1 ||     2
         Brothers in Arms  |       |     1 ||     1
  Evoke: Wand              |       |     1 ||     1
    Use: Scroll            |       |     2 ||     2
         Potion            |       |     2 ||     2
 Armour: Animal skin       |    10 |     3 ||    13
  Dodge: Dodged            |    17 |    15 ||    32

Table legend: (Time is in decaauts)
 A = Elapsed time spent in this place.
 B = Non-inter-level travel time spent in this place.
 C = Inter-level travel time spent in this place.
 D = Time resting spent in this place.
 E = Time spent auto-exploring this place.
 F = Levels seen in this place.
 G = Mean time per level.
                   A        B        C        D        E       F      G
               +--------+--------+--------+--------+--------+-----+--------+
         Total |    257 |    257 |      0 |    117 |      0 |   1 |  257.0 |
       Dungeon |    257 |    257 |      0 |    117 |      0 |   1 |  257.0 |
               +--------+--------+--------+--------+--------+-----+--------+

Top non-repeatable levels by time:
       D: 257 daAuts
